 Dungeon Sprint DCSS version 0.26.1-2-gb8aa6d0cf2 (webtiles) character file.

Game seed: 15091799192024842549

32 Groucho the Covert (level 3, -4/16 HPs)
             Began as a Spriggan Enchanter on Mar 13, 2021.
             Slain by a water elemental (16 damage)
             ... in the Dungeon (Sprint III: "The Ten Rune Challenge").
             The game lasted 00:02:38 (783 turns).

Groucho the Covert (Spriggan Enchanter)              Turns: 783, Time: 00:02:39

Health: -4/16      AC:  2    Str:  5    XL:     3   Next: 10%
Magic:  7/8        EV: 18    Int: 16    God:
Gold:   26         SH:  0    Dex: 18    Spells: 1/7 levels left

rFire    . . .     SeeInvis +   a - +1 dagger
rCold    . . .     Faith    .   (shield restricted)
rNeg     . . .     Spirit   .   b - +0 robe
rPois    .         Reflect  .   (helmet restricted)
rElec    .         Harm     .   (no cloak)
rCorr    .         Rampage  .   (gloves unavailable)
Will     .....     NoTele   +   (boots unavailable)
Stlth    +++++.....             (no amulet)
HPRegen  0.05/turn              (no ring)
MPRegen  0.11/turn              (no ring)

@: very slightly contaminated, very quick
A: very small, unfitting armour, see invisible, agile 1, speed 3, mutation
resistance 1
a: no special abilities


You were in the Dungeon.
You visited 1 branch You collected 26 gold pieces.

Inventory:

Hand Weapons
 a - a +1 dagger (weapon)
Armour
 b - a +0 robe (worn)
Scrolls
 c - a scroll of random uselessness {unknown}
 h - 2 scrolls of holy word {unknown}
 i - a scroll of blinking
 j - 3 scrolls of identify {unknown}
 k - 2 scrolls of remove curse
Potions
 f - 2 potions of haste
 g - 2 potions of magic
 m - a potion of flight {unknown}


   Skills:
 - Level 1.1 Short Blades
 - Level 3.0 Dodging
 * Level 10.6 Stealth
 + Level 2.6 Spellcasting
 + Level 3.6 Hexes


You had one spell level left.
You knew the following spells:

 Your Spells              Type           Power        Failure   Level
a - Corona                Hex            14%          4%          1
b - Ensorcelled Hibernat  Hex/Ice        14%          14%         2
c - Confusing Touch       Hex            13%          13%         3

Your spell library contained the following spells:

 Spells                   Type           Power        Failure   Level
 Tukima's Dance           Hex            13%          13%         3
 Dazzling Flash           Conj/Hex       14%          28%         3


Dungeon Overview and Level Annotations

Branches:
Dungeon (1/1)

Altars:


Innate Abilities, Weirdness & Mutations

You are very small and have problems with some larger weapons.
You are too small for most types of armour.
You have supernaturally acute eyesight. (SInv)
You cover ground extremely quickly.
You are agile. (Dex +2)
You are somewhat resistant to further mutation.


Message History

You hit the water elemental.
The water elemental is severely damaged.
The water elemental barely misses you.
You barely miss the water elemental.
The water elemental is severely damaged.
The water elemental misses you.
You closely miss the water elemental.
The water elemental is severely damaged.
The water elemental closely misses you.
You hit the water elemental but do no damage.
The water elemental is severely damaged.
The water elemental closely misses you.
You barely miss the water elemental.
The water elemental is severely damaged.
You flicker back into view.
You hit the water elemental.
The water elemental is almost destroyed.
The water elemental hits you!
Ouch! That really hurt!
You die...

▓...#......#####..#
▓..##.......#..#..#
▓##.##.##...#..#..###+#+##
##.##.###..##'#..#.......
▓#.####.##..###...'.⌠.....
▓.###..##..####...#...####
▓#.....##..###....#.⌠.#
###..##...##.....#...#
##..##....#@E....#+###
#..###..##.#.....# #).#
#..#####....# ▓▓▓▓ ▓▓▓▓
▓▓▓▓▓▓


You could see a water elemental.

Vanquished Creatures
  A human (D)
  2 oozes (D)
  A phantom (D)
  2 rats (D)
6 creatures vanquished.

Vanquished Creatures (others)
  3 plants (D)
3 creatures vanquished.

Grand Total: 9 creatures vanquished

Notes
Turn   | Place    | Note
-------+----------+-------------------------------------------
     0 | D        | Groucho the Spriggan Enchanter began the quest for the Orb.
     0 | D        | Reached XP level 1. HP: 9/9 MP: 5/5
    12 | D        | Reached skill level 6 in Stealth
    15 | D        | Reached skill level 8 in Stealth
    15 | D        | Reached XP level 2. HP: 13/13 MP: 6/6
   214 | D        | Learned a level 2 spell: Ensorcelled Hibernation
   266 | D        | Reached skill level 10 in Stealth
   266 | D        | Reached XP level 3. HP: 9/16 MP: 5/8
   526 | D        | Learned a level 3 spell: Confusing Touch
   575 | D        | Gained mutation: You have large cloven feet. [potion of
                  | mutation]
   575 | D        | Gained mutation: Your mind is acute. (Int +2) [potion of
                  | mutation]
   575 | D        | Gained mutation: You expend magic power (3 MP) to
                  | strengthen your wands. [potion of mutation]
   576 | D        | Lost mutation: Your mind is acute. (Int +2) [potion of
                  | mutation]
   576 | D        | Lost mutation: You expend magic power (3 MP) to strengthen
                  | your wands. [potion of mutation]
   576 | D        | Gained mutation: You are clumsy. (Dex -2) [potion of
                  | mutation]
   576 | D        | Gained mutation: You have an increased reservoir of magic.
                  | (+10% MP) [potion of mutation]
   577 | D        | Lost mutation: You have large cloven feet. [potion of
                  | mutation]
   577 | D        | Lost mutation: You are clumsy. (Dex -2) [potion of
                  | mutation]
   577 | D        | Lost mutation: You have an increased reservoir of magic.
                  | (+10% MP) [potion of mutation]
   577 | D        | Gained mutation: You are somewhat resistant to further
                  | mutation. [potion of mutation]
   577 | D        | Gained mutation: You are agile. (Dex +2) [potion of
                  | mutation]
   749 | D        | Noticed a water elemental
   783 | D        | Slain by a water elemental

Illustrated notes

Levels and vault maps discovered:
D:        dungeon_sprint_mu [sprint_mu_entry_cave, sprint_mu_temple_rooms,
          sprint_mu_d1_horrors, sprint_mu_d2_genie, sprint_mu_d3_branching,
          sprint_mu_orc_legion, sprint_mu_elf_gauntlet, sprint_mu_hive_nellie,
          sprint_mu_lair_fedhas, sprint_mu_vaults_butterflies,
          sprint_mu_slime_circle, sprint_mu_swamp_cave, sprint_mu_snake_twists,
          sprint_mu_blade_basic, sprint_mu_crypt_fortress,
          sprint_mu_tomb_spiral, sprint_mu_vestibule_basic,
          sprint_mu_gehenna_hellfire, sprint_mu_dis_giant,
          sprint_mu_tartarus_statrot, sprint_mu_cocytus_islands, sprint_mu_zot1]

Skill      XL: |  1  2 |
---------------+-------+-----
Stealth        | 8 10 | 10.6
Short Blades   | |  1.1
Dodging        | |  3.0
Spellcasting   | |  2.6
Hexes          | |  3.6

Action                   || total
-------------------------++-------
Melee: Dagger            ||    56
 Cast: Ensorcelled Hiber ||     2
       Confusing Touch   ||     2
  Use: Potion            ||     7
 Stab: Sleeping          ||     2
       Confused          ||     1
       Invisible         ||     1
Dodge: Dodged            ||    41
